 Dungeon Crawl Stone Soup version 0.29.0-4-gdea44cf6ec (webtiles) character file.

Game seed: 14516969027939923515

3011 qw the Cleaver (level 9, -6/57 HPs)
             Began as a Gargoyle Fighter on Sept 6, 2022.
             Mangled by a yak (10 damage)
             ... on level 9 of the Dungeon.
             The game lasted 00:02:53 (6411 turns).

qw the Cleaver (Gargoyle Fighter)                   Turns: 6411, Time: 00:02:54

Health: -6/57      AC: 19    Str: 25    XL:     9   Next: 84%
Magic:  9/9        EV:  9    Int:  8    God:
Gold:   358        SH:  5    Dex: 15    Spells: 8/8 levels left

rFire   + . .      SeeInvis .   Y - +0 war axe
rCold   . . .      Faith    .   c - +0 buckler
rNeg    + . .      Spirit   .   m - +0 chain mail
rPois   inf        Reflect  .   l - +2 helmet
rElec   +          Harm     .   (no cloak)
rCorr   .          Rampage  .   (no gloves)
Will    .....                   (no boots)
Stlth   ..........              (no amulet)
HPRegen 0.19/turn               i - ring of protection from fire
MPRegen 0.11/turn               h - +6 ring of dexterity

@: no status effects
A: sickness immunity, AC +6, negative energy resistance 1, electricity
resistance, torment resistance 1, petrification resistance
a: no special abilities


You were on level 9 of the Dungeon.
You visited 1 branch of the dungeon, and saw 8 of its levels.

You collected 358 gold pieces.


Innate Abilities, Weirdness & Mutations

You are immune to sickness and miasma.
Your stone body is resilient. (AC +6)
You are immune to poison.
You resist negative energy. (rN+)
You are resistant to electric shocks. (rElec)
You are resistant to unholy torment.
You are immune to petrification.


   Skills:
 + Level 7.0 Fighting
 - Level 10.2 Axes
 - Level 5.0 Armour
 - Level 2.3 Dodging
 - Level 4.1 Shields


You had 8 spell levels left.
You didn't know any spells.
Your spell library was empty.

Inventory:

Hand Weapons
 o - a +1 flail of holy wrath
 Y - a +0 war axe (weapon)
Armour
 c - a +0 buckler (worn)
 g - a +1 scale mail of fire resistance
 l - a +2 helmet (worn)
 m - a +0 chain mail (worn)
Jewellery
 h - a +6 ring of dexterity (right hand)
 i - a ring of protection from fire (left hand)
Scrolls
 j - 3 scrolls of identify
Potions
 a - a potion of lignification
 d - 3 potions of might
 e - a potion of curing
 k - 2 potions of attraction
 q - a potion of mutation

Dungeon Overview and Level Annotations

Branches:
Dungeon (7/15)
 Temple: D:4-7

Altars:
Cheibriados
Dithmenos
Elyvilon
Fedhas
Gozag
Nemelex Xobeh
Uskayaw
Wu Jian
Xom
Yredelemnul
Zin

Shops:
D:3 *


Message History

The kobold brigand is moderately wounded.
You hit the yak but do no damage. You slash the kobold!
You kill the kobold!
The kobold brigand hits you but does no damage.
The yak gores you but does no damage.
You hit the yak.
The yak is severely wounded.
You barely miss the kobold brigand. You slash the yak!
The kobold brigand hits you but does no damage.
The yak closely misses you. The yak gores you but does no damage.
You slash the yak!
The yak is almost dead.
You barely miss the yak. You closely miss the kobold.
You hit the yak but do no damage. You slash the kobold brigand!
The kobold brigand hits you with a +0 whip.
The yak barely misses you. The kobold hits you but does no damage.
The yak gores you. x2
You slash the yak!
You kill the yak!
You hit the yak. You slash the kobold!
You kill the kobold!
You hit the yak. You hit the kobold brigand.
You block the kobold brigand's attack. The yak gores you.
Your Axes skill increases to level 10!
You slash the yak!
You kill the yak!
You hit the yak but do no damage. You closely miss the kobold brigand.
The kobold brigand hits you but does no damage.
Your Armour skill increases to level 5!
You hit the kobold brigand.
The kobold brigand is almost dead.
You hit the yak.
The kobold brigand hits you but does no damage.
You slash the kobold brigand!
You kill the kobold brigand!
You barely miss the kobold. You closely miss the yak.
You hit the yak but do no damage. The kobold hits you but does no damage.
The yak barely misses you. The yak gores you!
You die...

..................#
.................#.#
....................#
...................#.#
..................# .
................
...............
......K........
......Y@.......
......)Y)......
.....###.......
....##.##......
..#.#._.#.#.... .
#.......#....
##.....## ... ##...##
..


You could see 2 yaks and a kobold.

Vanquished Creatures
  5 yaks (D:9)
  Eustachio (D:4)
  An acid dragon (D:9)
  Duvessa (D:5)
  A sky beast (D:6)
  2 ogres (D:5)
  3 ice beasts (D:6)
  An orc warrior (D:7)
  A black bear (D:5)
  2 phantoms (D:5)
  A kobold brigand (D:9)
  A bullfrog (D:6)
  A necrophage (D:5)
  3 scorpions
  Dowan (D:5)
  3 howler monkeys (D:6)
  3 hounds
  3 orc priests
  6 jellies
  Terence (D:3)
  2 iguanas (D:5)
  Robin (D:3)
  6 adders
  An ufetubus (D:5)
  2 worms
  4 dart slugs
  22 orcs
  6 bats
  2 endoplasms
  2 giant cockroaches
  14 goblins
  9 hobgoblins
  8 jackals
  5 quokkas
  7 ball pythons
  A frilled lizard (D:2)
  7 kobolds
  5 rats
145 creatures vanquished.

Vanquished Creatures (others)
  10 fungi (D:6)
  4 plants (D:6)
14 creatures vanquished.

Grand Total: 159 creatures vanquished

Notes
Turn   | Place    | Note
-------+----------+-------------------------------------------
     0 | D:1      | qw the Gargoyle Fighter began the quest for the Orb.
     0 | D:1      | Reached XP level 1. HP: 14/14 MP: 1/1
     0 | D:1      | 0 ||| qw: Version: 0.1-a-108-g9e35731
     0 | D:1      | 0 ||| qw: Game counter: 6282
     0 | D:1      | 0 ||| qw: Always use a shield: true
     0 | D:1      | 0 ||| qw: God list: Okawaru
     0 | D:1      | 0 ||| qw: Allow faded altars: false
     0 | D:1      | 0 ||| qw: Do Orc after D:15 true
     0 | D:1      | 0 ||| qw: Do second Lair branch before Depths: true
     0 | D:1      | 0 ||| qw: Lair rune preference: random
     0 | D:1      | 0 ||| qw: Plans: Normal, Zot, God:TSO, Crypt, Tomb, Zig,
                  | Orb
     0 | D:1      | 0 ||| PLANNING D:1-11
    17 | D:1      | Reached skill level 2 in Axes
    44 | D:1      | 44 ||| Stepping ~*~*~tactically~*~*~ (hiding).
    53 | D:1      | Reached XP level 2. HP: 15/19 MP: 2/2
   235 | D:1      | Found a faded altar of an unknown god.
   525 | D:1      | 525 ||| DROPPING +0 club.
   553 | D:1      | 553 ||| Stepping ~*~*~tactically~*~*~ (stealth).
   555 | D:1      | 555 ||| Stepping ~*~*~tactically~*~*~ (stealth).
   734 | D:1      | Reached skill level 3 in Axes
   823 | D:2      | Found a basalt altar of Yredelemnul.
   898 | D:2      | Reached XP level 3. HP: 11/23 MP: 3/3
   899 | D:2      | 899 ||| Stepping ~*~*~tactically~*~*~ (stealth).
   953 | D:2      | 953 ||| Stepping ~*~*~tactically~*~*~ (stealth).
  1068 | D:2      | 1068 ||| Stepping ~*~*~tactically~*~*~ (stealth).
  1119 | D:2      | Reached XP level 4. HP: 11/28 MP: 4/4
  1321 | D:2      | Reached skill level 4 in Axes
  1324 | D:2      | 1324 ||| Stepping ~*~*~tactically~*~*~ (stealth).
  1332 | D:2      | 1332 ||| Stepping ~*~*~tactically~*~*~ (stealth).
  1333 | D:2      | 1333 ||| Stepping ~*~*~tactically~*~*~ (stealth).
  1800 | D:2      | 1800 ||| UPGRADING to ring of protection from fire.
  1801 | D:2      | 1801 ||| READING scroll labelled BYEXZI RISOQILA.
  1802 | D:2      | 1802 ||| READING scroll labelled GORYIR LUMYA.
  1803 | D:2      | 1803 ||| READING scroll labelled TYORAS UNLIGA.
  1884 | D:3      | Reached XP level 5. HP: 31/32 MP: 5/5
  1937 | D:3      | Found Lehinnis's General Store.
  1943 | D:3      | 1943 ||| SHOPLISTING +0 crystal plate armour (880 gold,
                  | have 45).
  1943 | D:3      | 1943 ||| SHOPLISTING +1 ring mail of fire resistance (176
                  | gold, have 45).
  1943 | D:3      | 1943 ||| SHOPLISTING +2 mace "Goblinslayer" {protect,
                  | Will++ Int+2 Dex+2} (473 gold, have 45).
  1943 | D:3      | 1943 ||| SHOPLISTING 3 scrolls of enchant armour (247 gold,
                  | have 45).
  1943 | D:3      | 1943 ||| SHOPLISTING wand of digging (8) (369 gold, have
                  | 45).
  2017 | D:3      | 2017 ||| Stepping ~*~*~tactically~*~*~ (stealth).
  2028 | D:3      | Noticed Robin
  2029 | D:3      | 2029 ||| Stepping ~*~*~tactically~*~*~ (hiding).
  2045 | D:3      | Killed Robin
  2132 | D:3      | 2132 ||| Stepping ~*~*~tactically~*~*~ (hiding).
  2133 | D:3      | 2133 ||| Stepping ~*~*~tactically~*~*~ (hiding).
  2149 | D:3      | Reached skill level 5 in Axes
  2248 | D:3      | 2248 ||| DROPPING +0 whip.
  2312 | D:3      | 2312 ||| Stepping ~*~*~tactically~*~*~ (hiding).
  2314 | D:3      | Noticed Terence
  2322 | D:3      | Killed Terence
  2373 | D:3      | Found an opulent altar of Gozag.
  2611 | D:3      | 2611 ||| Stepping ~*~*~tactically~*~*~ (stealth).
  2618 | D:3      | 2618 ||| Stepping ~*~*~tactically~*~*~ (hiding).
  2676 | D:3      | 2676 ||| Stepping ~*~*~tactically~*~*~ (stealth).
  2748 | D:3      | Reached XP level 6. HP: 35/38 MP: 6/6
  2793 | D:3      | 2793 ||| UPGRADING to +1 scale mail of fire resistance.
  2803 | D:3      | 2803 ||| DROPPING +0 scale mail.
  2804 | D:3      | 2804 ||| UPGRADING to +1 helmet.
  2809 | D:3      | 2809 ||| UPGRADING to +0 chain mail.
  2819 | D:3      | 2819 ||| UPGRADING to +6 ring of dexterity.
  2820 | D:3      | 2820 ||| READING scroll labelled SOIHIU ATISOFA.
  2821 | D:3      | 2821 ||| READING scroll labelled GIODAQONW UZU QUSA.
  2822 | D:3      | 2822 ||| DRINKING 2 smoky dark potions.
  2851 | D:3      | 2851 ||| DRINKING 2 silvery potions.
  2852 | D:3      | 2852 ||| READING 3 scrolls of identify.
  2852 | D:3      | 2852 ||| IDENTIFYING smoky cyan potion
  2853 | D:3      | 2853 ||| READING 2 scrolls of identify.
  2853 | D:3      | 2853 ||| IDENTIFYING viscous silvery potion
  2854 | D:3      | 2854 ||| DROPPING potion of degeneration.
  2976 | D:4      | Reached skill level 1 in Dodging
  3074 | D:4      | Noticed Eustachio
  3134 | D:4      | Killed Eustachio
  3345 | D:4      | Reached skill level 6 in Axes
  3345 | D:4      | Reached XP level 7. HP: 43/43 MP: 7/7
  3385 | D:4      | 3385 ||| Stepping ~*~*~tactically~*~*~ (stealth).
  4070 | D:5      | Entered Level 5 of the Dungeon
  4080 | D:5      | 4080 ||| STAIRDANCE
  4250 | D:5      | Reached skill level 7 in Axes
  4329 | D:5      | Reached XP level 8. HP: 47/49 MP: 8/8
  4490 | D:5      | 4490 ||| DROPPING +0 flail.
  4573 | D:5      | 4573 ||| Stepping ~*~*~tactically~*~*~ (hiding).
  4812 | D:5      | Found a sparkling altar of Nemelex Xobeh.
  4837 | D:5      | Noticed Duvessa
  4837 | D:5      | Noticed Dowan
  4838 | D:5      | 4838 ||| Stepping ~*~*~tactically~*~*~ (hiding).
  4849 | D:5      | Killed Duvessa
  4855 | D:5      | Killed Dowan
  4856 | D:5      | Reached skill level 8 in Axes
  4869 | D:5      | 4869 ||| FLEEEEING.
  5165 | D:5      | HP: 12/49 [ogre/+0 giant club (17)]
  5166 | D:5      | 5166 ||| DRINKING potion of heal wounds.
  5279 | D:5      | Reached skill level 6 in Fighting
  5462 | D:5      | 5462 ||| READING scroll labelled SIJ OTABRIOQI.
  5466 | D:5      | 5466 ||| READING scroll labelled LARAKL XETYHAA.
  5467 | D:5      | 5467 ||| READING 6 scrolls of identify.
  5467 | D:5      | 5467 ||| IDENTIFYING sedimented puce potion
  5468 | D:5      | 5468 ||| READING 5 scrolls of identify.
  5468 | D:5      | 5468 ||| IDENTIFYING fizzy cyan potion
  5469 | D:5      | 5469 ||| READING 4 scrolls of identify.
  5469 | D:5      | 5469 ||| IDENTIFYING fuming golden potion
  5470 | D:5      | 5470 ||| READING 3 scrolls of identify.
  5470 | D:5      | 5470 ||| IDENTIFYING fuming inky potion
  5471 | D:5      | 5471 ||| DROPPING potion of flight.
  5472 | D:5      | 5472 ||| DROPPING potion of brilliance.
  5678 | D:6      | Reached XP level 9. HP: 55/55 MP: 9/9
  5681 | D:6      | 5681 ||| Stepping ~*~*~tactically~*~*~ (stealth).
  5685 | D:6      | 5685 ||| Stepping ~*~*~tactically~*~*~ (stealth).
  5755 | D:6      | 5755 ||| Stepping ~*~*~tactically~*~*~ (stealth).
  5769 | D:6      | 5769 ||| FLEEEEING.
  5770 | D:6      | 5770 ||| FLEEEEING.
  5771 | D:6      | 5771 ||| FLEEEEING.
  5772 | D:6      | 5772 ||| FLEEEEING.
  5773 | D:6      | 5773 ||| FLEEEEING.
  5774 | D:6      | 5774 ||| FLEEEEING.
  5799 | D:6      | Reached skill level 9 in Axes
  5872 | D:6      | Found a blossoming altar of Fedhas.
  5963 | D:6      | 5963 ||| Stepping ~*~*~tactically~*~*~ (stealth).
  5964 | D:6      | 5964 ||| Stepping ~*~*~tactically~*~*~ (stealth).
  6089 | D:6      | Found a white marble altar of Elyvilon.
  6089 | D:6      | Found an ornate altar of the Wu Jian Council.
  6096 | D:6      | Found a snail-covered altar of Cheibriados.
  6102 | D:6      | Found a shimmering altar of Xom.
  6104 | D:6      | Found a glowing silver altar of Zin.
  6180 | D:6      | Found a hide-covered altar of Uskayaw.
  6292 | D:6      | 6292 ||| READING scroll labelled PEARETEIRO.
  6305 | D:7      | 6305 ||| Stepping ~*~*~tactically~*~*~ (hiding).
  6347 | D:7      | You fall into a shaft and drop 2 floors!
  6360 | D:9      | 6360 ||| READING scroll of enchant armour.
  6360 | D:9      | 6360 ||| ENCHANTING +1 helmet.
  6395 | D:9      | HP: 14/57 [yak (1)]
  6396 | D:9      | 6396 ||| READING scroll of teleportation.
  6398 | D:9      | Found a shadowy altar of Dithmenos.
  6407 | D:9      | HP: 12/57 [kobold brigand/+0 whip (4)]
  6408 | D:9      | HP: 3/57 [yak (4)]
  6409 | D:9      | Reached skill level 10 in Axes
  6411 | D:9      | Mangled by a yak

Levels and vault maps discovered:
D:1:      minmay_arrival_diagonal_passages, layout_basic,
          ebering_ecumenical_altar_ruins
D:2:      layout_basic, basic_altar
D:3:      layout_loops_cross, lemuel_coloured_pillars_altar, serial_shops, shop,
          minmay_distorted, uniq_robin, uniq_terence
D:4:      layout_basic, uniq_eustachio
D:5:      layout_loops_ring, mainiacjoe_overflow_alcove_2, chequers_mini_garden,
          grunt_ministairs_7, nrook_campfire, uniq_duvessa
D:6:      layout_basic, fedhas_altar_3, nicolae_overflow_hallway_of_the_gods
D:7:      layout_layer_cave, temple_hall, gammafunk_ghost_berserking_beasts,
          uniq_prince_ribbit1, uniq_menkaure
D:9:      layout_big_octagon, nicolae_dithmenos_through_a_glass_darkly,
          lair_entry_dummy, st_stairs_6, mrwooster_statue_mirror, uniq_pikel

Skill      XL: |  1  2  3  4  5  6  7  8  9 |
---------------+----------------------------+-----
Axes           | 2 3 4 5 6 7 8 10 | 10.2
Fighting       | 4 5 6 7 |  7.0
Dodging        | 1 2 |  2.3
Armour         | 4 5 |  5.0
Shields        | 4 |  4.1

Action                   |  1- 3 |  4- 6 |  7- 9 || total
-------------------------+-------+-------+-------++-------
Melee: War axe           |   104 |   182 |   271 ||   557
  Use: Scroll            |       |     7 |     9 ||    16
       Potion            |       |     2 |     1 ||     3
Armor: Scale mail        |    56 |    50 |       ||   106
       Chain mail        |       |    72 |   144 ||   216
Dodge: Dodged            |    50 |    79 |    87 ||   216
Block: Buckler           |    17 |    51 |    50 ||   118

Table legend:
 A = Non-vault XP
 B = Vault XP
 C = Vault XP percentage of total XP
 D = Non-vault monster count
 E = Vault monster count
 F = Vault count percentage of total count
                 A         B        C        D         E       F
            +---------+---------+-------+---------+---------+-------
      Total |    3841 |     561 |  12.7 |     125 |      20 |  13.8
            +---------+---------+-------+---------+---------+-------
        D:1 |      30 |       0 |   0.0 |      18 |       0 |   0.0
        D:2 |     119 |       0 |   0.0 |      17 |       0 |   0.0
        D:3 |      98 |      72 |  42.4 |      20 |      15 |  42.9
        D:4 |     148 |     191 |  56.3 |      14 |       1 |   6.7
        D:5 |     919 |     298 |  24.5 |      26 |       4 |  13.3
        D:6 |    1081 |       0 |   0.0 |      16 |       0 |   0.0
        D:7 |     170 |       0 |   0.0 |       4 |       0 |   0.0
        D:9 |    1276 |       0 |   0.0 |      10 |       0 |   0.0
            +---------+---------+-------+---------+---------+-------
